 Dungeon Crawl Stone Soup version 0.29.0-4-gdea44cf6ec (webtiles) character file.

Game seed: 5340496485502057062

280 qw the Chopper (level 6, -8/35 HPs)
             Began as a Tengu Warper on Aug 28, 2022.
             Was an Initiate of Okawaru.
             Mangled by a two-headed ogre
             ... wielding a +0 giant club
              (11 damage)
             ... on level 5 of the Dungeon.
             The game lasted 00:00:23 (5160 turns).

qw the Chopper (Tengu Warper)                       Turns: 5160, Time: 00:00:24

Health: -8/35      AC: 13    Str: 13    XL:     6   Next: 27%
Magic:  10/10      EV:  4    Int: 18    God:    Okawaru [......]
Gold:   236        SH:  0    Dex: 13    Spells: 9/9 levels left

rFire   . . .      SeeInvis +   c - +2 hand axe (spect)
rCold   . . .      Faith    .   (no shield)
rNeg    . . .      Spirit   .   e - +2 plate armour
rPois   .          Reflect  .   a - +1 hat of Keomyz {Int+4 SInv}
rElec   .          Harm     .   (no cloak)
rCorr   .          Rampage  .   (no gloves)
Will    .....                   (boots unavailable)
Stlth   ..........              (no amulet)
HPRegen 0.11/turn               (no ring)
MPRegen 0.12/turn               (no ring)

@: about to teleport, flying quickly and evasively, quick
A: beak, talons 3, nimble flight
a: Renounce Religion


You were on level 5 of the Dungeon.
You worshipped Okawaru.
Okawaru was noncommittal.
You visited 2 branches of the dungeon, and saw 6 of its levels.

You collected 236 gold pieces.


Innate Abilities, Weirdness & Mutations

You have a beak for a mouth.
You have claws for feet.
Your magical nature lets you fly swiftly and evasively.


   Skills:
 - Level 2.0 Fighting
 + Level 6.8 Axes
 - Level 1.0 Throwing
 - Level 2.0 Armour
 - Level 2.1 Dodging
 - Level 2.0 Spellcasting
 - Level 2.4 Translocations


You had 9 spell levels left.
You didn't know any spells.
Your spell library contained the following spells:

 Spells                   Type           Power      Damage    Failure   Level
 Blink                    Tloc           20%        N/A       100%        2
 Gell's Gravitas          Tloc           10%        N/A       100%        3
 Lesser Beckoning         Tloc           10%        N/A       100%        3
 Teleport Other           Tloc           10%        N/A       100%        3
 Manifold Assault         Tloc           10%        N/A       100%        5

Inventory:

Hand Weapons
 c - a +2 spectral hand axe (weapon)
 f - a +0 mace of protection
Armour
 a - the +1 hat of Keomyz (worn) {Int+4 SInv}
   (You acquired it on level 4 of the Dungeon)

   Int:       It affects your intelligence (+4).
   SInv:      It lets you see invisible.
 e - a +2 plate armour (worn)
Scrolls
 d - a scroll of identify
Potions
 b - a potion of curing
 g - a potion of attraction {unknown}
 i - a potion of brilliance {unknown}

Dungeon Overview and Level Annotations

Branches:
Dungeon (5/15)             Temple (1/1) D:4

Altars:
Ashenzari
Elyvilon
Gozag
Hepliaklqana
Kikubaaqudgha
Makhleb
Okawaru
Qazlal
Ru
Sif Muna
Uskayaw
Vehumet
Wu Jian
Xom
Yredelemnul

Annotations:
D:5 Eustachio


Message History

There is a stone staircase leading up here.
You reach down and open the door.
There is an open door here.
You reach down and open the door.
Found a stone staircase leading down.
Enter note:
There is an open door here.
j - a scroll of enchant armour
Enter note:
5127 ||| READING scroll of enchant armour.
As you read the scroll of enchant armour, it crumbles to dust.
Your +1 plate armour glows green for a moment.
5127 ||| ENCHANTING +1 plate armour.
Eustachio the Magnificent comes into view.
He is wielding a +3 rapier.
Found a stone staircase leading down.
Eustachio shouts!
Eustachio mumbles some strange words.
Eustachio blinks!
Eustachio moves out of view.
Eustachio casts a spell.
Eustachio blinks!
You reach down and open the door.
There is an open door here.
You reach down and open the door.
There is an open door here.
You reach down and open the door.
There is an open door here.
You reach down and open the door.
There is an open door here.
A two-headed ogre comes into view. It is wielding two +0 giant clubs.
Enter note: You hit the two-headed ogre but do no damage.
Your +2 spectral hand axe barely misses the two-headed ogre.
The two-headed ogre hits you with a +0 giant club!
The two-headed ogre hits you with a +0 giant club!!
Ouch! That really hurt!
5160 ||| READING scroll of teleportation.
As you read the scroll of teleportation, it crumbles to dust.
You feel strangely unstable.
The two-headed ogre hits you with a +0 giant club!
You die...

#........
#....... #......
#..... #....
###...
#..¤O########
#...@'......+
#....#......#
#....#..##..#
#....##'######
####.....#...#
#.....#...#
#.....'...#
#.....###.#
..........#.####


You could see a two-headed ogre.

Vanquished Creatures
  An ogre (D:4)
  2 jellies (D:4)
  An orc priest (D:4)
  3 adders
  A worm (D:2)
  3 dart slugs
  3 orcs (D:4)
  5 bats
  4 endoplasms
  4 giant cockroaches
  7 goblins
  6 hobgoblins
  5 jackals (D:1)
  4 quokkas
  5 ball pythons
  7 frilled lizards
  10 kobolds
  4 rats
75 creatures vanquished.

Vanquished Creatures (others)
  6 plants (D:4)
6 creatures vanquished.

Grand Total: 81 creatures vanquished

Notes
Turn   | Place    | Note
-------+----------+-------------------------------------------
     0 | D:1      | qw the Tengu Warper began the quest for the Orb.
     0 | D:1      | Reached XP level 1. HP: 12/12 MP: 4/4
     0 | D:1      | 0 ||| qw: Version: 0.1-a-89-g26bdef1
     0 | D:1      | 0 ||| qw: Game counter: 676
     0 | D:1      | 0 ||| qw: Always use a shield: true
     0 | D:1      | 0 ||| qw: God list: Okawaru
     0 | D:1      | 0 ||| qw: Allow faded altars: false
     0 | D:1      | 0 ||| qw: Do Orc after D:15 true
     0 | D:1      | 0 ||| qw: Do second Lair branch before Depths: true
     0 | D:1      | 0 ||| qw: Lair rune preference: random
     0 | D:1      | 0 ||| qw: Plans: Normal
     0 | D:1      | 0 ||| PLANNING D:1-11
   163 | D:1      | Reached XP level 2. HP: 6/17 MP: 6/6
   406 | D:1      | Reached skill level 3 in Axes
  1349 | D:1      | Reached XP level 3. HP: 21/21 MP: 7/7
  1522 | D:1      | 1522 ||| UPGRADING to +0 ring mail.
  1532 | D:1      | 1532 ||| DROPPING +0 leather armour.
  1533 | D:1      | 1533 ||| READING scroll labelled TAIVI JOASTIDE.
  1534 | D:1      | 1534 ||| READING scroll labelled GAXIFR HYAMY.
  1535 | D:1      | 1535 ||| READING scroll labelled POSAFF UCLOTEKH.
  1536 | D:1      | 1536 ||| READING scroll labelled DUUVABRY POXIU.
  1537 | D:1      | 1537 ||| DROPPING scroll of blinking.
  1598 | D:2      | Reached skill level 4 in Axes
  1634 | D:2      | 1634 ||| FLEEEEING.
  1635 | D:2      | 1635 ||| STAIRDANCE
  1968 | D:2      | Found a faded altar of an unknown god.
  2159 | D:2      | 2159 ||| READING scroll of brand weapon.
  2159 | D:2      | 2159 ||| BRANDING +1 hand axe of protection.
  2191 | D:2      | Reached XP level 4. HP: 26/26 MP: 8/8
  2674 | D:2      | 2674 ||| UPGRADING to +0 scale mail.
  2684 | D:2      | 2684 ||| DROPPING +0 ring mail.
  2685 | D:2      | 2685 ||| UPGRADING to +0 plate armour.
  2695 | D:2      | 2695 ||| DROPPING +0 scale mail.
  2696 | D:2      | 2696 ||| READING scroll labelled URUTOU OFOLOCH.
  2697 | D:2      | 2697 ||| READING scroll labelled ZOFFO KUBRAOM.
  2701 | D:2      | 2701 ||| READING scroll labelled MIGOMM NIRRURGH.
  2975 | D:3      | Found an ornate altar of the Wu Jian Council.
  3410 | D:3      | 3410 ||| DROPPING +0 club.
  3756 | D:3      | 3756 ||| READING scroll of enchant weapon.
  3756 | D:3      | 3756 ||| ENCHANTING +1 spectral hand axe.
  3893 | D:3      | 3893 ||| READING scroll labelled RIQAUL QAREWN.
  3894 | D:3      | 3894 ||| READING scroll labelled HOLA QACOKKO.
  3949 | D:4      | 3949 ||| STAIRDANCE
  4016 | D:4      | Reached skill level 5 in Axes
  4020 | D:4      | 4020 ||| Stepping ~*~*~tactically~*~*~ (hiding).
  4027 | D:4      | 4027 ||| Stepping ~*~*~tactically~*~*~ (stealth).
  4028 | D:4      | 4028 ||| Stepping ~*~*~tactically~*~*~ (stealth).
  4032 | D:4      | Gained mutation: Your magical nature lets you fly swiftly
                  | and evasively. [Tengu growth]
  4032 | D:4      | Reached XP level 5. HP: 25/30 MP: 9/9
  4082 | D:4      | 4082 ||| DROPPING +0 whip.
  4148 | D:4      | 4148 ||| FLEEEEING.
  4149 | D:4      | 4149 ||| FLEEEEING.
  4150 | D:4      | 4150 ||| FLEEEEING.
  4151 | D:4      | 4151 ||| FLEEEEING.
  4152 | D:4      | 4152 ||| FLEEEEING.
  4153 | D:4      | 4153 ||| FLEEEEING.
  4154 | D:4      | 4154 ||| FLEEEEING.
  4155 | D:4      | 4155 ||| FLEEEEING.
  4156 | D:4      | 4156 ||| FLEEEEING.
  4157 | D:4      | 4157 ||| FLEEEEING.
  4157 | D:4      | HP: 7/30 [poisoned by a kobold]
  4158 | D:4      | 4158 ||| FLEEEEING.
  4163 | D:4      | 4163 ||| STAIRDANCE
  4414 | D:3      | 4414 ||| READING scroll labelled RAORODGH VUCH.
  4415 | D:3      | 4415 ||| READING 2 scrolls of identify.
  4415 | D:3      | 4415 ||| IDENTIFYING ruby potion
  4416 | D:3      | 4416 ||| DROPPING potion of invisibility.
  4476 | D:4      | 4476 ||| READING scroll of enchant armour.
  4476 | D:4      | 4476 ||| ENCHANTING +0 plate armour.
  4512 | D:4      | Found a staircase to the Ecumenical Temple.
  4513 | D:4      | 4513 ||| PLANNING TEMPLE
  4513 | D:4      | 4513 ||| DROPPING ring of magical power.
  4514 | D:4      | 4514 ||| READING scroll labelled FIODUO QYLI.
  4514 | D:4      | Identified a scroll of acquirement
  4514 | D:4      | 4514 ||| ACQUIRING +1 hat of Keomyz {Int+4 SInv}
  4514 | D:4      | Acquired the +1 hat of Keomyz {Int+4 SInv}
  4516 | D:4      | 4516 ||| UPGRADING to +1 hat of Keomyz {Int+4 SInv}.
  4522 | D:4      | Noticed an ogre
  4529 | D:4      | Killed an ogre
  4530 | D:4      | Reached skill level 6 in Axes
  4547 | Temple   | Entered the Ecumenical Temple
  4625 | Temple   | Became a worshipper of Warmaster Okawaru
  4685 | Temple   | 4685 ||| PLANNING D:1-11
  4723 | D:4      | Found an ancient bone altar of Kikubaaqudgha.
  4728 | D:4      | Reached XP level 6. HP: 32/35 MP: 10/10
  5070 | D:4      | 5070 ||| DRINKING 2 clear potions.
  5104 | D:5      | Entered Level 5 of the Dungeon
  5127 | D:5      | 5127 ||| READING scroll of enchant armour.
  5127 | D:5      | 5127 ||| ENCHANTING +1 plate armour.
  5128 | D:5      | Noticed Eustachio
  5154 | D:5      | Noticed a two-headed ogre
  5159 | D:5      | HP: 3/35 [two-headed ogre/+0 giant club (22)]
  5160 | D:5      | 5160 ||| READING scroll of teleportation.
  5160 | D:5      | Mangled by a two-headed ogre

Levels and vault maps discovered:
D:1:      wander_arrival_lonely_grave, layout_basic
D:2:      layout_loops_ring, dreamdust_ecumenical_altar_sealed_demon,
          minmay_pentomino_w2
D:3:      layout_basic, pdpol_wu_jian_five_deadly_venoms,
          hangedman_abyss_or_decor_stabs
D:4:      layout_gridville, old_standard_altar,
          minmay_temple_entry_gardened_gates, minmay_misc_feat_enclosed
D:5:      layout_gridville, mainiacjoe_overflow_alcove_4,
          biasface_ghost_orc_armoury, nicolae_figureground_pulse,
          uniq_eustachio, uniq_sigmund, uniq_duvessa
Temple:   nicolae_temple_bog_church

Skill      XL: |  1  2  3  4  5 |
---------------+----------------+-----
Axes           | 3 4 5 6 |  6.8
Armour         | 2 |  2.0
Fighting       | |  2.0
Throwing       | |  1.0
Dodging        | |  2.1
Spellcasting   | |  2.0
Translocations | |  2.4

Action                   |  1- 3 |  4- 6 || total
-------------------------+-------+-------++-------
Melee: Hand axe          |    74 |    52 ||   126
       Kick              |    18 |     7 ||    25
       Peck              |    13 |    10 ||    23
Throw: Boomerang         |     7 |       ||     7
  Use: Scroll            |     5 |    12 ||    17
       Potion            |       |     1 ||     1
Armor: Leather armour    |    10 |       ||    10
       Ring mail         |    17 |     2 ||    19
       Plate armour      |       |     6 ||     6
Dodge: Dodged            |    31 |    15 ||    46

Table legend:
 A = Non-vault XP
 B = Vault XP
 C = Vault XP percentage of total XP
 D = Non-vault monster count
 E = Vault monster count
 F = Vault count percentage of total count
                 A         B        C        D         E       F
            +---------+---------+-------+---------+---------+-------
      Total |     399 |       2 |   0.5 |      74 |       1 |   1.3
            +---------+---------+-------+---------+---------+-------
        D:1 |      42 |       0 |   0.0 |      24 |       0 |   0.0
        D:2 |      64 |       2 |   3.0 |      20 |       1 |   4.8
        D:3 |      30 |       0 |   0.0 |      13 |       0 |   0.0
        D:4 |     263 |       0 |   0.0 |      17 |       0 |   0.0
            +---------+---------+-------+---------+---------+-------
